 Dungeon Crawl Stone Soup version 0.24-a0-445-gd5110b0 (webtiles) character file.

Game seed: 4332048984830160477

2631 r3xj the Cleaver (level 9, -2/81 HPs)
             Began as a Hill Orc Fighter on June 23, 2019.
             Was a Priest of Okawaru.
             Slain by an orc warrior
             ... wielding a +0 halberd
              (22 damage)
             ... on level 8 of the Dungeon.
             The game lasted 00:16:51 (7359 turns).

r3xj the Cleaver (Hill Orc Fighter)                 Turns: 7359, Time: 00:16:52

Health: -2/81      AC: 12    Str: 20    XL:     9   Next: 61%
Magic:  9/9        EV: 17    Int:  8    God:    Okawaru [***...]
Gold:   342        SH:  0    Dex: 12    Spells: 8/8 levels left

rFire    . . .     SeeInvis .   (weapon currently unavailable)
rCold    + . .     Gourm    .   (shield currently unavailable)
rNeg     + + +     Faith    .   (armour currently unavailable)
rPois    +         Spirit   .   (helmet currently unavailable)
rElec    .         Reflect  .   (cloak currently unavailable)
rCorr    .         Harm     .   (gloves currently unavailable)
MR       .....                  (boots currently unavailable)
Stlth    +.........             (no amulet)
HPRegen  0.23/turn              F - ring of protection from cold
MPRegen  0.11/turn              J - ring of flight

@: fungus-form (expiring)
A: tiny
a: Heroism, Renounce Religion, Evoke Flight


You were on level 8 of the Dungeon.
You worshipped Okawaru.
Okawaru was most pleased with you.
You were not hungry.
You were a sentient fungus.
You visited 1 branch of the dungeon, and saw 8 of its levels.

You collected 342 gold pieces.

Inventory:

Hand Weapons
 a - a +0 war axe (melded)
 b - a +0 hunting sling
 q - a +1 short sword of venom
 t - a cursed -3 great mace
 v - a +1 trident of pain
 H - a +0 mace of holy wrath
Missiles
 g - 17 sling bullets
 p - 14 atropa-tipped darts
 r - 227 stones
 y - 55 poisoned darts
 O - 5 silver javelins (quivered)
Armour
 c - a +0 shield (melded)
 C - a +0 scale mail (melded)
 D - a +2 pair of boots (melded)
Jewellery
 F - a ring of protection from cold (left hypha)
 J - a ring of flight (right hypha)
Scrolls
 e - a scroll of amnesia {unknown}
 h - 6 scrolls of remove curse {unknown}
 j - 2 scrolls of magic mapping {unknown}
 m - 2 scrolls of enchant weapon {unknown}
 o - 5 scrolls of teleportation {unknown}
 s - 8 scrolls of identify {unknown}
 u - 2 scrolls of immolation {unknown}
 x - a scroll of blinking {unknown}
 G - a scroll of holy word {unknown}
 I - a scroll of brand weapon {unknown}
 K - 2 scrolls of fog {unknown}
Potions
 d - a potion of might
 i - 3 potions of brilliance {unknown}
 k - a potion of haste {unknown}
 l - a potion of resistance {unknown}
 n - 3 potions of lignification {unknown}
 w - 5 potions of curing {unknown}
 z - a potion of magic {unknown}
 A - a potion of mutation {unknown}
 B - 2 potions of agility
 E - 3 potions of flight {unknown}
 L - a potion of berserk rage {unknown}
 M - a potion of heal wounds {unknown}
Comestibles
 f - 17 rations
 N - 16 chunks of flesh


   Skills:
 + Level 8.1 Fighting
 + Level 12.3 Axes
 + Level 7.4 Armour
 - Level 3.2 Shields


You had 8 spell levels left.
You didn't know any spells.
Your spell library was empty.

Dungeon Overview and Level Annotations

Branches:
Dungeon (8/15)             Temple (0/1) D:5
   Lair: D:8-11

Altars:
Ashenzari
Nemelex Xobeh
Okawaru
Sif Muna
Trog
Uskayaw
The Shining One

Shops:
D:6 [

Annotations:
D:6 1 runed translucent door, starandmoonburst's ghost, novice TrWn


Message History

The orc warrior hits you from afar with a +0 halberd.
Okay, then.
You can't do that in your present form.
You are too injured to fight recklessly!
Okay, then.
You can't do that in your present form.
You release spores at something!
Something hits you but does no damage.
The orc warrior zaps a wand.
You closely miss something.
Your transformation is almost over.
Something barely misses you.
The orc warrior hits you from afar with a +0 halberd!
* * * LOW HITPOINT WARNING * * *
You release spores at something but do no damage.
Something barely misses you.
You release spores at something.
The orc warrior zaps a wand.
The orc hits you but does no damage.
You barely miss something.
The orc warrior hits you from afar with a +0 halberd!!
You die...

..........## ####....###..#
...........####....)......##
.....###....#..÷...)).....#
##..... ##.....)))..).....##
oh..o. ##....÷#######..##
....## #....## #..# ...##
#.o..# #..# # ..## ##.{o#
##.# ## ..# ##.f# #.# ##.
..# ##..# #.####.. .# ###.#
#..##..# .# #.# #.....## ..#
##...## .# ##..### # #.....
#....# #..###


You could see an orc warrior and an orc.

Vanquished Creatures
  A spriggan (D:7)
  Duvessa (D:5)
  A water moccasin (D:6)
  4 sky beasts
  3 ice beasts
  A black bear (D:6)
  An ogre (D:4)
  A bullfrog (D:7)
  Dowan (D:5)
  5 howler monkeys
  2 vampire bats (D:4)
  4 crimson imps
  A bullfrog zombie (D:8)
  A centaur skeleton (D:5)
  2 bullfrog skeletons
  A jelly (D:5)
  3 orc priests
  5 orc wizards
  2 iguanas
  5 worker ants
  A hound skeleton (D:4)
  A howler monkey zombie (D:7)
  2 worker ant zombies
  8 adders
  4 gnolls (D:6)
  2 shadow imps
  4 oozes
  An adder zombie (D:6)
  An adder skeleton (D:7)
  2 worms
  4 dart slugs
  9 leopard geckos
  22 orcs
  3 ball pythons
  14 bats
  8 giant cockroaches
  12 goblins
  4 hobgoblins
  24 jackals
  9 kobolds
  2 quokkas (D:4)
  A ball python skeleton (D:5)
  5 frilled lizards
  A leopard gecko zombie (D:7)
  13 rats
202 creatures vanquished.

Vanquished Creatures (others)
  2 withered plants (D:6)
2 creatures vanquished.

Grand Total: 204 creatures vanquished

Notes
Turn   | Place    | Note
-------+----------+-------------------------------------------
     0 | D:1      | r3xj the Hill Orc Fighter began the quest for the Orb.
     0 | D:1      | Reached XP level 1. HP: 19/19 MP: 1/1
    25 | D:1      | Reached skill level 3 in Axes
   265 | D:1      | Reached XP level 2. HP: 25/26 MP: 2/2
   317 | D:1      | Reached skill level 4 in Axes
   576 | D:1      | Reached XP level 3. HP: 27/31 MP: 3/3
   949 | D:1      | Reached skill level 5 in Axes
  1529 | D:2      | Reached XP level 4. HP: 39/39 MP: 4/4
  1797 | D:2      | Found a glowing golden altar of the Shining One.
  1866 | D:2      | Reached skill level 6 in Axes
  2207 | D:3      | Reached XP level 5. HP: 43/45 MP: 5/5
  2313 | D:3      | Reached skill level 7 in Axes
  2767 | D:4      | Found an iron altar of Okawaru.
  2772 | D:4      | Became a worshipper of Warmaster Okawaru
  3150 | D:4      | Reached skill level 8 in Axes
  3188 | D:4      | Reached XP level 6. HP: 47/51 MP: 6/6
  3430 | D:4      | Reached skill level 9 in Axes
  3531 | D:4      | Reached XP level 7. HP: 57/57 MP: 7/7
  3564 | D:4      | Reached * piety under Okawaru
  3738 | D:4      | Found a hide-covered altar of Uskayaw.
  3738 | D:4      | Found a sparkling altar of Nemelex Xobeh.
  3739 | D:4      | Found a shattered altar of Ashenzari.
  3963 | D:4      | Found a bloodstained altar of Trog.
  4190 | D:5      | Entered Level 5 of the Dungeon
  4193 | D:5      | Reached skill level 10 in Axes
  4379 | D:5      | Noticed Dowan
  4382 | D:5      | Noticed Duvessa
  4410 | D:5      | Killed Duvessa
  4410 | D:5      | Reached XP level 8. HP: 34/67 MP: 8/8
  4670 | D:5      | Reached skill level 5 in Fighting
  4671 | D:5      | Killed Dowan
  4671 | D:5      | Reached ** piety under Okawaru
  5195 | D:5      | Reached skill level 5 in Armour
  5436 | D:5      | Found a staircase to the Ecumenical Temple.
  5597 | D:6      | Reached skill level 11 in Axes
  5808 | D:6      | Found a deep blue altar of Sif Muna.
  5971 | D:6      | Found Vyru's Antique Armour Emporium.
  6002 | D:6      | Found a runed translucent door.
  6003 | D:6      | Noticed starandmoonburst's ghost (novice TrWn)
  6192 | D:6      | Reached XP level 9. HP: 64/78 MP: 6/9
  6586 | D:7      | Reached skill level 12 in Axes
  7269 | D:8      | Reached *** piety under Okawaru
  7269 | D:8      | Received a gift from Okawaru
  7359 | D:8      | Slain by an orc warrior

Levels and vault maps discovered:
D:1:      dpeg_arrival_shrine, layout_loops_ring
D:2:      layout_basic, nicolae_tso_swordbearing_angel, grunt_decor_clamped,
          minmay_hedge_maze, chequers_serial_rivers_large_a, minivault_25,
          minmay_cupped
D:3:      layout_rooms, first_ration
D:4:      layout_layer_cave, lemuel_crystal_altar,
          chequers_temple_overflow_statue_of_worship, lightli_temple_of_fire,
          gup_sewer_entry_glass, roderic_batcave, minmay_misc_feat_room,
          minmay_misc_feat_nine_boxes, minmay_increasing_density
D:5:      layout_cave_pools, minmay_temple_entry_poolview, uniq_duvessa
D:6:      layout_cave_pods, old_standard_altar, gammafunk_ghost_grave,
          serial_column_ruins, column_ruins_columns_corner,
          column_ruins_corridor_corner, column_ruins_open_tiny,
          column_ruins_corridor_straight, serial_shops, shop
D:7:      layout_loops_cross, the_bakery
D:8:      layout_layer_cave, zin_purify, serial_shops, nicolae_shop_trees,
          uniq_prince_ribbit1, uniq_maurice

Skill      XL: |  1  2  3  4  5  6  7  8  9 |
---------------+----------------------------+-----
Axes           | 3 4 5 6 8 9 10 11 12 | 12.3
Fighting       | 4 6 8 |  8.1
Armour         | 4 6 7 |  7.4
Shields        | |  3.2

Action                   |  1- 3 |  4- 6 |  7- 9 || total
-------------------------+-------+-------+-------++-------
Melee: War axe           |   107 |   218 |   371 ||   696
       Unarmed           |       |       |     7 ||     7
Invok: Heroism           |       |       |     4 ||     4
  Eat: Chunk             |     2 |     7 |     9 ||    18
       Ration            |       |       |     1 ||     1
Armor: Scale mail        |    52 |   150 |   153 ||   355
       Skin              |       |       |     2 ||     2
Dodge: Dodged            |    22 |    83 |    88 ||   193
Block: Shield            |    53 |   143 |   145 ||   341

Table legend:
 A = Non-vault XP
 B = Vault XP
 C = Vault XP percentage of total XP
 D = Non-vault monster count
 E = Vault monster count
 F = Vault count percentage of total count
                 A         B        C        D         E       F
            +---------+---------+-------+---------+---------+-------
      Total |    3106 |     653 |  17.4 |     179 |      23 |  11.4
            +---------+---------+-------+---------+---------+-------
        D:1 |      53 |       0 |   0.0 |      29 |       0 |   0.0
        D:2 |      60 |       8 |  11.8 |      26 |       5 |  16.1
        D:3 |     111 |       0 |   0.0 |      20 |       0 |   0.0
        D:4 |     410 |     206 |  33.4 |      20 |      15 |  42.9
        D:5 |     602 |     228 |  27.5 |      21 |       2 |   8.7
        D:6 |     969 |       0 |   0.0 |      28 |       0 |   0.0
        D:7 |     500 |     211 |  29.7 |      14 |       1 |   6.7
        D:8 |     401 |       0 |   0.0 |      21 |       0 |   0.0
            +---------+---------+-------+---------+---------+-------
